 Dungeon Crawl Stone Soup version 0.24.0-13-gcf9b3192b9 (webtiles) character file.

Game seed: 2738197410286528627, levelgen mode: deterministic

79095 Amplified the Fighter (level 15, -11/126 HPs)
             Began as a Demonspawn Fire Elementalist on Nov 9, 2019.
             Was a High Priest of Sif Muna.
             Mangled by a wolf spider simulacrum (21 damage)
             ... animated by a necromancer
             ... on level 15 of the Dungeon.
             The game lasted 00:46:10 (24332 turns).

Amplified the Fighter (DsFE)                       Turns: 24332, Time: 00:46:10

Health: -11/126    AC: 19    Str: 12    XL:     15   Next: 20%
Magic:  0/26       EV: 16    Int: 21    God:    Sif Muna [*****.]
Gold:   224        SH: 10    Dex: 19    Spells: 16/29 levels left

rFire    + + +     SeeInvis .   J - +9 broad axe (chop)
rCold    . . .     Gourm    .   E - +2 buckler {reflect}
rNeg     + + +     Faith    .   u - +2 ring mail {rF+}
rPois    +         Spirit   +   h - +2 helmet
rElec    .         Reflect  +   o - +0 cloak
rCorr    .         Harm     .   s - +2 pair of gloves
MR       +....                  b - +2 pair of boots
Stlth    +++++.....             q - +3 amulet of reflection
HPRegen  0.31/turn              G - ring of the Morning {rF++ rN+ Dex-4}
MPRegen  0.40/turn              i - ring "Idafrari" {rPois rN++ Dex+5 Slay+2}

@: no status effects
A: claws 1, thin skeletal structure 2, nightstalker 2, strong 1, wild magic 1,
magic shield, magic regeneration, magic link
a: Channel Magic, Forget Spell, Divine Exegesis, Renounce Religion


You were on level 15 of the Dungeon.
You worshipped Sif Muna.
Sif Muna was extremely pleased with you.
You were hungry.

You visited 3 branches of the dungeon, and saw 23 of its levels.

You collected 1914 gold pieces.
You spent 1690 gold pieces at shops.

Inventory:

Hand Weapons
 n - the +7 spear of the Firefly {pierce, rC+++ Str-3 Int+3}
   (You found it on level 4 of the Dungeon)

   It inflicts extra damage upon your enemies.
   It affects your strength (-3).
   It affects your intelligence (+3).
   It renders you almost immune to cold.
 B - a +3 scimitar of flaming
 J - a +9 broad axe of chopping (weapon)
Missiles
 m - 6 silver javelins
 y - 75 poisoned darts (quivered)
 O - a curare-tipped dart
Armour
 b - a +2 pair of boots (worn)
 h - a +2 helmet (worn)
 o - a +0 cloak (worn)
 s - a +2 pair of gloves (worn)
 u - a +2 ring mail of fire resistance (worn)
 D - the +3 hat of Pondering {ponderous, MR+ MP+10 Int+5}
   (You took it off Gastronok on level 3 of the Lair of Beasts)

   It affects your intelligence (+5).
   It affects your resistance to hostile enchantments.
   It affects your magic capacity (+10).
 E - a +2 buckler of reflection (worn)
Jewellery
 a - a +4 ring of protection
 e - an uncursed ring of ice
 i - the ring "Idafrari" (right hand) {rPois rN++ Dex+5 Slay+2}
   (You bought it in a shop on level 12 of the Dungeon)

   [ring of poison resistance]

   It affects your dexterity (+5).
   It affects your accuracy and damage with ranged weapons and melee attacks
   (+2).
   It protects you from poison.
   It greatly protects you from negative energy.
 j - an uncursed amulet of regeneration {unknown}
 l - an uncursed amulet of magic regeneration
 p - an uncursed ring of protection from fire
 q - a +3 amulet of reflection (around neck)
 t - an uncursed ring of resist corrosion
 w - an uncursed ring of protection from fire
 x - an uncursed ring of poison resistance
 A - an uncursed ring of protection from magic {unknown}
 G - the ring of the Morning (left hand) {rF++ rN+ Dex-4}
   (You bought it in a shop on level 12 of the Dungeon)

   [ring of positive energy]

   It affects your dexterity (-4).
   It greatly protects you from fire.
   It protects you from negative energy.
 N - a cursed ring of teleportation {unknown}
 P - an uncursed ring of protection from fire
Wands
 d - a wand of enslavement (8)
 F - a wand of flame (38)
 L - a wand of random effects (17)
 M - a wand of clouds (3)
Scrolls
 f - 5 scrolls of immolation
 g - 3 scrolls of teleportation
 k - 6 scrolls of remove curse
 r - 6 scrolls of amnesia
 v - 3 scrolls of vulnerability
 H - a scroll of magic mapping
 I - a scroll of identify
Potions
 z - a potion of cancellation
 C - 2 potions of brilliance
 K - a potion of curing
 Q - 2 potions of mutation
 R - a potion of magic
Comestibles
 c - 24 rations


   Skills:
 * Level 14.1 Fighting
 - Level 4.5 Long Blades
 * Level 10.2(10.9) Axes
 - Level 6.5(9.3) Polearms
 - Level 5.2 Armour
 - Level 7.7 Dodging
 - Level 1.7 Stealth
 * Level 3.7 Shields
 - Level 7.5 Spellcasting
 - Level 9.3 Conjurations
 - Level 7.1 Fire Magic
 - Level 8.6 Invocations


You had 16 spell levels left.
You knew the following spells:

 Your Spells              Type           Power        Failure   Level  Hunger
a - Flame Tongue          Conj/Fire      #####        1%          1    None
b - Conjure Flame         Conj/Fire      ######..     3%          3    None
c - Sticky Flame          Conj/Fire      ######..     10%         4    ###....
d - Fireball              Conj/Fire      ######....   24%         5    #####..

Your spell library contained the following spells:

 Spells                   Type           Power        Failure   Level  Hunger
 Magic Dart               Conj           ####         1%          1    None
 Throw Flame              Conj/Fire      ######       1%          2    None
 Sting                    Conj/Pois      ####         4%          1    None
 Iskenderun's Mystic Bla  Conj           ######..     6%          4    ###....
 Dazzling Spray           Conj/Hex       #####.       12%         3    None
 Inner Flame              Hex/Fire       ####....     17%         3    None
 Mephitic Cloud           Conj/Pois/Air  ####....     22%         3    None
 Beastly Appendage        Tmut           ##....       26%         1    None
 Corona                   Hex            ##.....      26%         1    None
 Freeze                   Ice            ##..         26%         1    None
 Ignite Poison            Fire/Tmut/Pois ###.....     28%         3    None
 Blink                    Tloc           N/A          34%         2    None
 Call Imp                 Summ           ##......     34%         2    None
 Ensorcelled Hibernation  Hex/Ice        ##....       34%         2    None
 Poisonous Vapours        Pois/Air       ##....       34%         2    None
 Slow                     Hex            ##......     34%         2    None
 Force Lance              Conj/Tloc      #####...     34%         4    ###....
 Throw Icicle             Conj/Ice       #####...     34%         4    ###....
 Bolt of Magma            Conj/Fire/Erth #####.....   54%         5    #####..
 Confuse                  Hex            ##......     56%         3    None
 Ozocubu's Armour         Chrm/Ice       ##......     56%         3    None
 Spider Form              Tmut/Pois      ##........   56%         3    None
 Tukima's Dance           Hex            ##......     56%         3    None
 Irradiate                Conj/Tmut      #####.....   67%         5    #####..
 Venom Bolt               Conj/Pois      #####.....   67%         5    #####..
 Bolt of Fire             Conj/Fire      ######....   75%         6    ######.
 Leda's Liquefaction      Hex/Erth       ##........   91%         4    ###....
 Olgreb's Toxic Radiance  Pois           ##......     91%         4    ###....
 Petrify                  Tmut/Erth      ##......     91%         4    ###....
 Orb of Destruction       Conj           ######....   98%         7    #######
 Alistair's Intoxication  Tmut/Pois      ##......     99%         5    #####..
 Iron Shot                Conj/Erth      #####.....   99%         6    ######.
 Statue Form              Tmut/Erth      ##.......    100%        6    ######.
 Ring of Flames           Chrm/Fire      ####......   100%        7    #######
 Necromutation            Tmut/Necr      ##........   100%        8    #######
 Fire Storm               Conj/Fire      ######....   100%        9    #######
 Shatter                  Erth           ##........   100%        9    #######


Dungeon Overview and Level Annotations

Branches:
Dungeon (15/15)            Temple (0/1) D:5            Lair (6/6) D:8
  Swamp (0/4) Lair:4        Snake (0/4) Lair:3        Slime (0/5) Lair:5
    Orc (2/2) D:11            Elf (0/3) Orc:2        Depths (0/5) D:15
 Vaults: D:13-14

Altars:
Cheibriados
Elyvilon
Fedhas
Gozag
Hepliaklqana
Makhleb
Qazlal
Ru
Sif Muna
Yredelemnul
The Shining One
Jiyva

Shops:
D:12 =   Orc:2 (!%[

Annotations:
Lair:1 exclusion: oklob plant
Lair:2 exclusion: oklob plant


Innate Abilities, Weirdness & Mutations

You have sharp fingernails.
You have a moderately thin skeletal structure. (Dex +4, Stealth+)
You are significantly more attuned to the shadows.
When hurt, damage is shared between your health and your magic reserves.
You regenerate magic rapidly.
When low on magic, you restore magic in place of health.
Your muscles are strong. (Str +2)
Your spells are a little harder to cast, but a little more powerful.


Message History

You slash the wolf spider simulacrum! The wolf spider simulacrum hits you!
* * * LOW HITPOINT WARNING * * *
The wolf spider simulacrum freezes you!
* * * LOW HITPOINT WARNING * * *
You block the wolf spider simulacrum's attack.
The wolf spider simulacrum closely misses you.
The wolf spider simulacrum bites you but does no damage.
Okay, then.
Evoke which item? (* to show all) (? for menu, Esc to quit)
Okay, then.
Okay, then.
Evoke which item? (* to show all) (? for menu, Esc to quit)
Aiming: Throw Flame
Press: ? - help, Shift-Dir - straight line, f - wolf spider simulacrum
Aim: a wolf spider simulacrum (severely damaged)
The puff of flame misses the wolf spider simulacrum.
The wolf spider simulacrum hits you!
* * * LOW HITPOINT WARNING * * *
The wolf spider simulacrum freezes you!!
You die...

,,,,,,,**,,,,...8....."##,*,####.
,,,,,,,**,,,*...........#.*,* #.
.......#*,*,..8...8.......#,* #.
.......#,,*.............8.#,* #.
.......#,,,.8...8?.8......#,* #.
.......#,.,........8......#,***#.
...J..<#J##....8.)>...P8..#,,,...
...uuuO..........Z.....)..#**####
....uJJ##.......@P........#
######u...,............8..#
*.#(#*.8.......P.....#
**.#.#*...............#
*,.#,#*.....P.........#######
*,*,,,,..............###.....
*,*,,,,,,,**########.# #.###.
*,*,,,,..,####### #.# #.# #(
*,+,,,,...#..)..# #)###.###.


You could see a wolf spider simulacrum.

Vanquished Creatures
  Kirke (D:12)
  Gastronok (Lair:3)
  Josephine (D:11)
  4 ogre magi (Orc:2)
  Fannar (D:11)
  5 hydras
  Erica (D:11)
  2 death knights (D:8)
  An anaconda (Lair:6)
  5 centaur warriors
  17 two-headed ogres
  Urug (Orc:1)
  Nergalle (Lair:4)
  A spark wasp zombie (D:15)
  3 unseen horrors
  A flayed ghost (D:15)
  6 ugly things
  A necromancer (D:15)
  An orc knight (Orc:1)
  A harpy (D:8)
  A wolf spider (D:15)
  A deep elf mage (D:15)
  2 cyclopes
  2 frost giant zombies (D:15)
  4 elephants
  5 black mambas
  2 gargoyles
  A centaur zombie (D:15)
  10 spiny frogs
  2 freezing wraiths
  2 centaur skeletons
  3 rime drakes
  3 kobold demonologists (D:13)
  7 komodo dragons
  An efreet (D:15)
  A guardian mummy (D:15)
  3 trolls
  2 hornets
  2 polar bears
  3 bog bodies (Lair:4)
  6 slime creatures
  Grinder (D:3)
  5 dream sheep (Lair:5)
  9 blink frogs
  A meliai zombie (D:13)
  A fire dragon zombie (D:15)
  6 hippogriffs
  A spriggan (Lair:3)
  4 wraiths (D:11)
  2 shadows
  3 wyverns
  32 yaks
  4 hungry ghosts
  Eustachio (D:5)
  7 basilisks
  6 hogs
  5 vampire mosquitoes
  4 nagas (Lair:3)
  4 wargs
  An acid dragon (D:13)
  3 swamp worms (Lair:4)
  15 water moccasins
  13 orc warriors
  7 porcupines
  2 black bears
  An ice beast (D:12)
  A sky beast (D:9)
  A phantom (D:4)
  22 wolves
  28 ogres
  7 centaurs
  16 crocodiles
  3 big kobolds
  14 bullfrogs
  5 scorpions
  A water moccasin skeleton (D:9)
  A wyvern skeleton (D:11)
  3 wights (D:9)
  4 jellies
  2 electric eels
  3 crimson imps
  3 hounds
  2 bullfrog skeletons (D:13)
  23 orc wizards
  Crazy Yiuf (D:4)
  13 orc priests
  Jessica (D:3)
  4 iguanas
  7 worker ants
  A hound skeleton (D:8)
  2 hound zombies
  2 worker ant zombies
  2 howler monkey zombies
  6 gnolls
  8 adders
  4 shadow imps
  An ooze (D:2)
  An adder zombie (D:5)
  A worm (D:5)
  A dart slug (D:5)
  5 leopard geckos
  53 orcs
  4 giant cockroaches
  2 goblins
  5 hobgoblins
  7 jackals
  7 kobolds
  2 ball pythons
  A ball python skeleton (D:4)
  6 bats
  2 frilled lizards
  A jackal zombie (D:5)
  A leopard gecko zombie (D:8)
  A quokka zombie (D:7)
  8 rats
  2 fungi
  A plant (Lair:6)
  A withered plant (D:15)
559 creatures vanquished.

Vanquished Creatures (others)
  A human (D:13)
  2 ogres (Orc:2)
  An orc wizard (Orc:1)
  An orc (D:13)
  5 fungi
  5 plants
  3 withered plants (D:15)
18 creatures vanquished.

Grand Total: 577 creatures vanquished

Notes
Turn   | Place    | Note
-------+----------+-------------------------------------------
     0 | D:1      | Amplified the Demonspawn Fire Elementalist began the quest
                  | for the Orb.
     0 | D:1      | Reached XP level 1. HP: 13/13 MP: 3/3
   149 | D:1      | Reached skill level 1 in Fighting
   215 | D:1      | Gained mutation: You have a somewhat thin skeletal
                  | structure. (Dex +2, Stealth) [demonic ancestry]
   215 | D:1      | Reached XP level 2. HP: 22/22 MP: 1/5
   918 | D:2      | Reached skill level 2 in Fighting
   972 | D:2      | Gained mutation: You are slightly more attuned to the
                  | shadows. [demonic ancestry]
   972 | D:2      | Reached XP level 3. HP: 12/28 MP: 1/6
  1246 | D:2      | Reached skill level 3 in Fighting
  1413 | D:3      | Noticed Grinder
  1456 | D:4      | Learned a level 3 spell: Conjure Flame
  1536 | D:4      | Reached skill level 1 in Long Blades
  1536 | D:4      | Reached XP level 4. HP: 35/37 MP: 7/7
  1707 | D:4      | Reached skill level 4 in Fighting
  1939 | D:4      | Gained mutation: When hurt, damage is shared between your
                  | health and your magic reserves. [demonic ancestry]
  1939 | D:4      | Reached XP level 5. HP: 24/42 MP: 8/8
  2176 | D:4      | Noticed an ogre
  2185 | D:4      | Killed an ogre
  2400 | D:4      | Gained mutation: You regenerate magic rapidly. [demonic
                  | ancestry]
  2400 | D:4      | Reached XP level 6. HP: 30/50 MP: 6/9
  2425 | D:4      | Got a dazzling spear
  2613 | D:4      | Learned a level 4 spell: Sticky Flame
  2785 | D:4      | Reached skill level 5 in Fighting
  2900 | D:4      | Found a runed translucent door.
  2901 | D:4      | Noticed Crazy Yiuf
  2907 | D:4      | Killed Crazy Yiuf
  3086 | D:3      | Found a faded altar of an unknown god.
  3122 | D:3      | Became a worshipper of Sif Muna the Loreminder
  3122 | D:3      | Reached * piety under Sif Muna
  3346 | D:3      | Noticed Jessica
  3359 | D:3      | Killed Jessica
  3359 | D:3      | Reached XP level 7. HP: 54/57 MP: 10/10
  3448 | D:3      | Paralysed by Grinder for 2 turns
  3458 | D:3      | Killed Grinder
  3458 | D:3      | Reached skill level 6 in Fighting
  3660 | D:3      | Identified the +7 spear of the Firefly {pierce, rC+++ Str-3
                  | Int+3} (You found it on level 4 of the Dungeon)
  3692 | D:5      | Entered Level 5 of the Dungeon
  3891 | D:5      | Noticed Eustachio
  3899 | D:5      | Killed Eustachio
  3899 | D:5      | Reached skill level 1 in Polearms
  3979 | D:5      | Found a staircase to the Ecumenical Temple.
  4053 | D:5      | Found a sacrificial altar of Ru.
  4105 | D:5      | Gained mutation: You have a moderately thin skeletal
                  | structure. (Dex +4, Stealth+) [demonic ancestry]
  4105 | D:5      | Reached XP level 8. HP: 65/65 MP: 11/11
  4612 | D:6      | Reached ** piety under Sif Muna
  4612 | D:6      | Reached skill level 7 in Fighting
  5232 | D:6      | Found a burning altar of Makhleb.
  5991 | D:7      | Found a hazy altar of Hepliaklqana.
  5992 | D:7      | Found a basalt altar of Yredelemnul.
  5994 | D:7      | Found a stormy altar of Qazlal.
  5994 | D:7      | Found an opulent altar of Gozag.
  5996 | D:7      | Found a white marble altar of Elyvilon.
  6070 | D:8      | Reached XP level 9. HP: 73/73 MP: 11/13
  6244 | D:8      | Reached skill level 8 in Fighting
  6336 | D:8      | Noticed an elephant
  6337 | D:8      | Found a staircase to the Lair.
  6361 | D:8      | Noticed a two-headed ogre
  6370 | D:8      | Killed a two-headed ogre
  6376 | D:8      | Reached *** piety under Sif Muna
  6432 | D:8      | Noticed a two-headed ogre
  6444 | D:8      | Killed a two-headed ogre
  6444 | D:8      | Reached skill level 5 in Polearms
  6444 | D:8      | Reached skill level 5 in Dodging
  6512 | D:8      | Found a runed translucent door.
  6512 | D:8      | Noticed a freezing wraith
  6514 | D:8      | Noticed a death knight
  6514 | D:8      | Noticed a centaur warrior
  6514 | D:8      | Noticed a death knight
  6514 | D:8      | Noticed a centaur warrior
  6514 | D:8      | Noticed a harpy
  6607 | D:9      | Gained mutation: When low on magic, you restore magic in
                  | place of health. [demonic ancestry]
  6607 | D:9      | Reached XP level 10. HP: 74/82 MP: 14/16
  7223 | D:10     | Entered Level 10 of the Dungeon
  7314 | D:10     | Reached skill level 9 in Fighting
  7488 | D:10     | Learned a level 5 spell: Fireball
  7781 | D:10     | Reached skill level 1 in Invocations
  7998 | D:8      | Killed an elephant
  8361 | D:11     | Noticed Josephine
  8364 | D:11     | Identified a scroll of acquirement
  8421 | D:11     | Reached **** piety under Sif Muna
  8459 | D:11     | Found a staircase to the Orcish Mines.
  8598 | D:11     | Reached skill level 1 in Axes
  8671 | D:11     | Noticed Fannar
  8851 | D:12     | Found Echun's Jewellery Shop.
  8894 | D:12     | Reached XP level 11. HP: 78/90 MP: 16/18
  8909 | D:12     | Reached skill level 5 in Invocations
  8979 | D:12     | Noticed a four-headed hydra
  9002 | D:12     | Killed a four-headed hydra
  9002 | D:12     | Reached skill level 10 in Fighting
  9133 | D:12     | Gained mutation: Armour fits poorly on your strangely
                  | shaped body. [potion of mutation]
  9133 | D:12     | Gained mutation: You have an increased reservoir of magic.
                  | (+10% MP) [potion of mutation]
  9134 | D:12     | Lost mutation: Armour fits poorly on your strangely shaped
                  | body. [potion of mutation]
  9134 | D:12     | Lost mutation: You have an increased reservoir of magic.
                  | (+10% MP) [potion of mutation]
  9134 | D:12     | Gained mutation: Your muscles are strong. (Str +2) [potion
                  | of mutation]
  9134 | D:12     | Gained mutation: Your spells are a little harder to cast,
                  | but a little more powerful. [potion of mutation]
  9387 | D:13     | Noticed Kirke
  9387 | D:13     | Noticed a purple ugly thing
  9635 | D:11     | Killed Fannar
  9635 | D:11     | Reached skill level 5 in Conjurations
  9665 | D:11     | Killed Josephine
  9855 | D:11     | Noticed Erica
  9866 | D:11     | Killed Erica
 10059 | D:11     | Found a glowing golden altar of the Shining One.
 10174 | Orc:1    | Entered Level 1 of the Orcish Mines
 10480 | Orc:1    | Noticed Urug
 10508 | Orc:1    | Killed Urug
 10589 | Orc:1    | Noticed an orc knight
 10606 | Orc:1    | Killed an orc knight
 10971 | Orc:1    | You fall into a shaft and drop 1 floor!
 10971 | Orc:2    | Entered Level 2 of the Orcish Mines
 10991 | Orc:2    | Reached ***** piety under Sif Muna
 11128 | Orc:2    | Found a staircase to the Elven Halls.
 11135 | Orc:2    | Received a gift from Sif Muna
 11627 | D:12     | Bought the ring "Idafrari" {rPois rN++ Dex+5 Slay+2} for
                  | 789 gold pieces
 11725 | D:13     | Noticed a centaur warrior
 11731 | D:13     | Killed a centaur warrior
 11731 | D:13     | Reached skill level 11 in Fighting
 11731 | D:13     | Gained mutation: You are significantly more attuned to the
                  | shadows. [demonic ancestry]
 11731 | D:13     | Reached XP level 12. HP: 100/100 MP: 19/19
 11902 | D:12     | Reached skill level 5 in Axes
 11969 | Lair:1   | Entered Level 1 of the Lair of Beasts
 12427 | Lair:1   | Reached skill level 1 in Armour
 12702 | Lair:1   | Found a blossoming altar of Fedhas.
 14078 | D:12     | Bought the ring of the Morning {rF++ rN+ Dex-4} for 505
                  | gold pieces
 14236 | Lair:3   | Noticed Gastronok
 14357 | Lair:3   | Noticed an eight-headed hydra
 14803 | Lair:3   | Killed a three-headed hydra
 14803 | Lair:3   | Identified Sif Muna's Grimoire of Unstable Aid (Sif Muna
                  | gifted it to you on level 3 of the Lair of Beasts)
 14803 | Lair:3   | Received a gift from Sif Muna
 14898 | Lair:3   | Reached skill level 12 in Fighting
 15329 | Lair:3   | Found a staircase to the Snake Pit.
 15378 | Lair:3   | Reached XP level 13. HP: 108/108 MP: 20/20
 15403 | Lair:3   | Killed Gastronok
 15847 | Lair:4   | Reached skill level 5 in Armour
 16149 | Lair:4   | Noticed Nergalle
 16160 | Lair:4   | Killed Nergalle
 16308 | Lair:4   | Reached skill level 5 in Spellcasting
 16880 | Lair:4   | Found a staircase to the Swamp.
 17070 | Lair:5   | Found a viscous altar of Jiyva.
 17071 | Lair:5   | Found a staircase to the Slime Pits.
 18148 | Lair:6   | Entered Level 6 of the Lair of Beasts
 18518 | Lair:6   | Reached skill level 5 in Fire Magic
 19083 | Lair:6   | Identified Sif Muna's Reference Book on Unstable Ice
 19124 | Lair:6   | Identified Iskenderun's Incunabulum of Arcane Weapons (Sif
                  | Muna gifted it to you on level 6 of the Lair of Beasts)
 19124 | Lair:6   | Received a gift from Sif Muna
 19557 | Lair:6   | Noticed a dire elephant
 19680 | Lair:6   | Noticed a dire elephant
 20096 | Orc:2    | Gained mutation: You have sharp fingernails. [demonic
                  | ancestry]
 20096 | Orc:2    | Reached XP level 14. HP: 101/116 MP: 20/23
 20234 | Orc:2    | Found Pisch's Antique Weapon Boutique.
 20234 | Orc:2    | Found Olyodgh's Distillery.
 20249 | Orc:2    | Paralysed by an ogre mage for 4 turns
 20253 | Orc:2    | Reached skill level 13 in Fighting
 20644 | Orc:2    | Found Reemaittaer's Food Emporium.
 20644 | Orc:2    | Found Keyfaont's Antique Armour Shop.
 20738 | Orc:2    | Bought a shiny buckler for 172 gold pieces
 20755 | Orc:2    | Bought a potion of curing for 48 gold pieces
 20755 | Orc:2    | Bought a potion of heal wounds for 80 gold pieces
 20755 | Orc:2    | Bought a potion of curing for 48 gold pieces
 20755 | Orc:2    | Bought a potion of curing for 48 gold pieces
 22152 | D:12     | Killed Kirke
 22729 | D:13     | Identified Sif Muna's Collected Works on the Blaze (Sif
                  | Muna gifted it to you on level 13 of the Dungeon)
 22729 | D:13     | Received a gift from Sif Muna
 22731 | D:13     | Reached skill level 1 in Shields
 23317 | D:15     | Entered Level 15 of the Dungeon
 23321 | D:15     | Found a staircase to the Depths.
 23804 | D:15     | Reached XP level 15. HP: 124/125 MP: 26/26
 23875 | D:15     | Found a snail-covered altar of Cheibriados.
 24057 | D:15     | Reached skill level 10 in Axes
 24276 | D:15     | Reached skill level 14 in Fighting
 24332 | D:15     | Mangled by a wolf spider simulacrum

Levels and vault maps discovered:
D:1:      dpeg_arrival_lava_altar, layout_loops_ring
D:2:      layout_basic, uniq_natasha, uniq_sigmund
D:3:      layout_rooms, chequers_ecumenical_altar_island, minmay_misc_feat_tiny,
          uniq_grinder, uniq_jessica
D:4:      layout_loops_cross, uniq_crazy_yiuf_cottage
D:5:      layout_gridville, minmay_temple_entry_stoned_glass, first_ration,
          hangedman_ru_absence, uniq_eustachio
D:6:      layout_basic, makhleb_heckhound_becter
D:7:      layout_loops_ring, minitemple
D:8:      minmay_gate_of_8, layout_basic, david_lair_generic
D:9:      layout_roguey
D:10:     layout_roguey
D:11:     layout_long_grid, erik_orc_3, nicolae_tso_carved_into_rock,
          uniq_josephine, uniq_fannar, uniq_erica
D:12:     layout_rooms, serial_shops, nicolae_shop_window_shopping,
          blue_anna_alchemist [blue_anna_fruit_fields, blue_anna_fruit_fields]
D:13:     layout_loops_corners, uniq_kirke
D:14:     layout_roguey, skrybe_vaults_entry_preservation, serial_park_tiny_pond
D:15:     gammafunk_depths_entry_grave, layout_basic, cheibriados_altar_1
Lair:1:   layout_cave_shapes, tgw_fedhas
Lair:2:   layout_cave_pods, minmay_lair_oklob_chamber
Lair:3:   layout_hall_layers, minmay_snake_entry_guardpost_small,
          grunt_forest_stairs_basic, forest_entry_grove, uniq_gastronok
Lair:4:   layout_misc_corridors, nicolae_swamp_entry_splash_gauntlet,
          uniq_nergalle
Lair:5:   layout_cave_pods, slime_altar_1
Lair:6:   due_jungle_book, layout_regular_city, grunt_megastairs_4,
          serial_bayou_shore_a
Orc:1:    layout_caves, gammafunk_ghost_necromancy, uniq_urug
Orc:2:    st_orc_ogre_mass, layout_diamond_mine

Skill      XL: |  1  2  3  4  5  6  7  8  9 10 11 12 13 14 15 |
---------------+----------------------------------------------+-----
Fighting       | 1 2 3 4 5 6 7 8 9 11 12 13 14 | 14.1
Long Blades    | 1 2 3 4 |  4.5
Fire Magic     | 3 4 5 7 |  7.1
Polearms       | 1 3 5 6 |  6.5
Dodging        | 3 5 7 |  7.7
Spellcasting   | 4 6 7 |  7.5
Invocations    | 4 8 |  8.6
Conjurations   | 4 6 8 9 |  9.3
Axes           | 1 4 6 8 9 10 | 10.2
Armour         | 4 5 |  5.2
Shields        | 2 3 |  3.7
Stealth        | |  1.7

Action                   |  1- 3 |  4- 6 |  7- 9 | 10-12 | 13-15 || total
-------------------------+-------+-------+-------+-------+-------++-------
Melee: Unarmed           |    92 |       |       |       |       ||    92
       Long sword        |    12 |   145 |    20 |       |       ||   177
       Spear             |       |       |   268 |   559 |    26 ||   853
       Broad axe         |       |       |       |   331 |   740 ||  1071
       Scimitar          |       |       |       |     5 |    23 ||    28
Throw: Dart              |       |     4 |    12 |    23 |    11 ||    50
       Throwing net      |       |       |       |     2 |       ||     2
       Javelin           |       |       |       |       |     6 ||     6
 Cast: Flame Tongue      |    34 |     4 |     3 |     5 |       ||    46
       Fireball          |       |       |       |       |     2 ||     2
       Conjure Flame     |       |       |       |       |     5 ||     5
Evoke: Wand              |       |       |       |     4 |    13 ||    17
  Use: Scroll            |    11 |     3 |     2 |    13 |    12 ||    41
       Potion            |     2 |     3 |       |    18 |    11 ||    34
 Stab: Sleeping          |     2 |     4 |    17 |    32 |    18 ||    73
       Distracted        |       |       |     1 |     4 |     4 ||     9
       Invisible         |       |       |       |    25 |       ||    25
       Held in net/web   |       |       |       |     2 |       ||     2
  Eat: Chunk             |     2 |     6 |     8 |    15 |    18 ||    49
       Ration            |       |       |     1 |     5 |     4 ||    10
Armor: Robe              |     9 |       |       |       |       ||     9
       Leather armour    |    46 |    54 |    65 |   197 |       ||   362
       Skin              |       |       |       |    10 |    25 ||    35
       Ring mail         |       |       |       |   116 |   331 ||   447
Dodge: Dodged            |   114 |    74 |   133 |   584 |   538 ||  1443
Block: Other             |       |       |    20 |    98 |    62 ||   180
       Reflection        |       |       |       |     4 |     8 ||    12
       Buckler           |       |       |       |       |   179 ||   179
       Rpst.: Long sword |     3 |    21 |     2 |       |       ||    26
       Scimitar          |       |       |       |     1 |     3 ||     4
